 Dungeon Crawl Stone Soup version 0.28.0-43-g3370ac3207 (webtiles) character file.

Game seed: 4915248253002239038

58 sking99 the Insei (level 4, 0/33 HPs)
             Began as a Merfolk Transmuter on Mar 17, 2022.
             Slain by a gnoll
             ... wielding a +0 club
              (6 damage)
             ... on level 2 of the Dungeon.
             The game lasted 00:02:35 (2209 turns).

sking99 the Insei (Merfolk Transmuter)              Turns: 2209, Time: 00:02:36

Health: 0/33       AC:  2    Str: 10    XL:     4   Next: 2%
Magic:  7/7        EV: 13    Int: 14    God:
Gold:   15         SH:  0    Dex: 14    Spells: 1/7 levels left

rFire   . . .      SeeInvis .     - Unarmed
rCold   . . .      Faith    .   (no shield)
rNeg    . . .      Spirit   .   a - +0 robe
rPois   .          Reflect  .   (no helmet)
rElec   .          Harm     .   (no cloak)
rCorr   .          Rampage  .   (no gloves)
Will    .....                   (no boots)
Stlth   +.........              (no amulet)
HPRegen 0.11/turn               (no ring)
MPRegen 0.10/turn               (no ring)

@: no status effects
A: (nimble swimmer 2), mertail
a: no special abilities


You were on level 2 of the Dungeon.
You visited 1 branch of the dungeon, and saw 2 of its levels.

You collected 15 gold pieces.

Inventory:

Armour
 a - a +0 robe (worn)
Scrolls
 b - a scroll of fog {unknown}
 c - a scroll of immolation {unknown}
 d - 2 scrolls of enchant armour {unknown}
 e - a scroll of identify {unknown}


   Skills:
 + Level 2.0 Fighting
 + Level 3.4 Dodging
 + Level 3.7 Unarmed Combat
 - Level 2.2 Spellcasting
 + Level 3.4 Transmutations
 + Level 0.7 Poison Magic


You had one spell level left.
You knew the following spells:

 Your Spells              Type           Power      Damage    Failure   Level
a - Beastly Appendage     Tmut           22%        N/A       5%          1
b - Wereblood             Tmut           11%        N/A       9%          2
c - Spider Form           Tmut/Pois      7%         N/A       28%         3

Your spell library contained the following spells:

 Spells                   Type           Power      Damage    Failure   Level
 Ice Form                 Ice/Tmut       6%         N/A       75%         4


Dungeon Overview and Level Annotations

Branches:
Dungeon (2/15)

Altars:


Innate Abilities, Weirdness & Mutations

((You are very nimble when in or above water. (Stealth+, EV+, Speed+++)))
Your lower body shifts to a powerful aquatic tail in water.


Message History

Things that are here:
a +0 short sword; a kobold corpse 3 gnolls come into view.
A gnoll and a rat come into view.
The gnoll shouts!
You hear an angry hiss.
The gnoll shouts! x2
The gnoll hits you with a +0 whip.
A giant cockroach comes into view.
Found 29 sling bullets.
Casting: Beastly Appendage (safe; 5% risk of failure)
Confirm with . or Enter, or press ? or * to list all spells.
You grow a pair of large bovine horns.
The gnoll hits you with a +0 whip.
You hit the gnoll.
The gnoll is moderately wounded.
The gnoll closely misses you.
You barely miss the gnoll.
The gnoll is moderately wounded.
The gnoll barely misses you.
You hit the gnoll.
The gnoll is severely wounded.
The gnoll hits you with a +0 whip!
You hit the gnoll.
The gnoll is severely wounded.
You hit the gnoll.
The gnoll is moderately wounded.
The gnoll hits you from afar with a +0 spear.
You closely miss the gnoll.
The gnoll is moderately wounded.
The gnoll misses you.
The gnoll hits you from afar with a +0 spear.
* * * LOW HITPOINT WARNING * * *
Your transformation is almost over.
Your horns disappear.
The gnoll hits you with a +0 club!
* * * LOW HITPOINT WARNING * * *
You see here a +0 ring mail.
The rat twitches its whiskers.
There is an escape hatch in the ceiling here.
The gnoll hits you with a +0 club.
You die...

..#...#.#.# ##...## ###.
..#####.#.# ##'## .
........#.# #.# .
..#####.#.# #)# ..#...#.#.#
##.## #.#.#.#.#.# ##...##
#.#.#.#.#.# #####.....###
#.#.#...#.####.B...........
#.#.#####.#..g.g@.##.######
#.#.....g..r...##.##.#
#.#.#####.#.#####.##.#
#.#.#...#.#.# #.##.#
#.#[#B#.#.#.# #.# .#
#.#g#.#.#.#.. ..# .# #####
#.#...#B#.### ### #....
..#####g#.##### #.###
.grg....#.#...######.## #.#
#


You could see 2 gnolls, a giant cockroach and a rat.

Vanquished Creatures
  2 adders (D:2)
  A dart slug (D:1)
  6 ball pythons
  4 bats
  2 endoplasms (D:1)
  6 goblins
  6 hobgoblins
  2 kobolds (D:2)
  A quokka (D:1)
  3 frilled lizards
  A rat (D:2)
34 creatures vanquished.

Vanquished Creatures (others)
  3 fungi (D:1)
3 creatures vanquished.

Grand Total: 37 creatures vanquished

Notes
Turn   | Place    | Note
-------+----------+-------------------------------------------
     0 | D:1      | sking99 the Merfolk Transmuter began the quest for the Orb.
     0 | D:1      | Reached XP level 1. HP: 15/15 MP: 3/3
   337 | D:1      | Reached XP level 2. HP: 15/21 MP: 3/5
   575 | D:1      | Found a faded altar of an unknown god.
   833 | D:1      | Reached XP level 3. HP: 18/26 MP: 6/6
  1177 | D:2      | Learned a level 3 spell: Spider Form
  1180 | D:2      | Learned a level 2 spell: Wereblood
  1984 | D:2      | Reached XP level 4. HP: 21/33 MP: 5/7
  2209 | D:2      | Slain by a gnoll

Illustrated notes

Levels and vault maps discovered:
D:1:      dpeg_arrival_tiny_i, layout_rooms, shapermc_ecumenical_altar_petra
D:2:      layout_loops_corners, roderic_lattice_a

Skill      XL: |  1  2  3 |
---------------+----------+-----
Transmutations | 3 |  3.4
Dodging        | 3 |  3.4
Fighting       | 2 |  2.0
Unarmed Combat | |  3.7
Spellcasting   | |  2.2
Poison Magic   | |  0.7

Action                   |  1- 3 |  4- 6 || total
-------------------------+-------+-------++-------
Melee: Unarmed           |    99 |    10 ||   109
       Punch             |     5 |       ||     5
       Headbutt          |     6 |       ||     6
 Cast: Beastly Appendage |     9 |     1 ||    10
 Stab: Sleeping          |     1 |       ||     1
Armor: Robe              |     8 |       ||     8
Dodge: Dodged            |    58 |     6 ||    64
